 Dungeon Crawl Stone Soup version 0.21-a0-154-gb5400c9 (webtiles) character file.

12165 KarmaPolice the Destroyer (level 12, -20/74 HPs)
             Began as a Human Wizard on Aug 2, 2017.
             Was an Elder of Vehumet.
             Demolished by Snorg (22 damage)
             ... on level 10 of the Dungeon.
             The game lasted 01:23:46 (20219 turns).

KarmaPolice the Destroyer (Human Wizard)           Turns: 20219, Time: 01:23:48

Health: -20/74     AC:  8    Str:  7    XL:     12   Next: 16%
Magic:  14/25      EV: 12    Int: 23    God:    Vehumet [****..]
Gold:   661        SH:  0    Dex: 13    Spells: 14/30 levels left

rFire    . . .     SeeInvis .   h - +4 arc blade {discharge, rElec}
rCold    + . .     Gourm    .   (no shield)
rNeg     . . .     Faith    .   x - +3 leather armour {rC+}
rPois    +         Spirit   .   D - +0 helmet
rElec    +         Reflect  .   (no cloak)
rCorr    .         Harm     .   e - +0 pair of gloves
MR       .....                  (no boots)
Stlth    ++........             n - amulet of regeneration
HPRegen  0.62/turn              v - ring of poison resistance
MPRegen  0.19/turn              (no ring)

@: about to teleport, very slightly contaminated
A: no striking features
a: Renounce Religion


You were on level 10 of the Dungeon.
You worshipped Vehumet.
Vehumet was greatly pleased with you.
You were hungry.

You visited 2 branches of the dungeon, and saw 14 of its levels.

You collected 661 gold pieces.

Inventory:

Hand Weapons
 h - the +4 arc blade (weapon) {discharge, rElec}
   (You found it on level 7 of the Dungeon)

   It insulates you from electricity.
 Z - the +9 flail of Satyriasis {crush, MR+, unknown}
   (You found it on level 10 of the Dungeon)

   It inflicts extra damage upon your enemies.
   It affects your resistance to hostile enchantments.
Armour
 e - a +0 pair of gloves (worn)
 t - a cursed -2 leather armour
 x - a +3 leather armour of cold resistance (worn)
 D - a +0 helmet (worn)
 F - a +1 robe of magic resistance
 G - a +1 leather armour of fire resistance
 W - the +4 chain mail of Geec {Regen+ Str+3, unknown}
   (You found it on level 9 of the Dungeon)

   It affects your strength (+3).
   It increases your rate of regeneration.
Jewellery
 n - an amulet of regeneration (around neck)
 v - a ring of poison resistance (left hand)
Wands
 f - a wand of scattershot (4/9)
 z - a wand of lightning (6/15)
 I - a wand of acid (12/15)
 N - a wand of lightning (3/15)
 P - a wand of confusion (9/48)
 Y - a wand of disintegration (6/24)
Scrolls
 g - 9 scrolls of remove curse
 i - 5 scrolls of teleportation
 p - 6 scrolls of enchant weapon
 r - 2 scrolls of recharging
 y - a scroll of silence {unknown}
 B - a scroll of enchant armour
 O - a scroll of vulnerability {unknown}
 Q - a scroll of immolation {unknown}
 R - a scroll of summoning {unknown}
 S - a scroll of random uselessness {unknown}
 V - a scroll of fog
 X - a scroll of amnesia {unknown}
Potions
 b - 2 potions of flight
 k - 3 potions of lignification
 l - 4 potions of agility
 m - 2 potions of haste
 o - 3 potions of curing
 q - 2 potions of mutation {unknown}
 s - 2 potions of berserk rage {unknown}
 u - a potion of cancellation {unknown}
 w - a potion of degeneration {unknown}
 H - a potion of invisibility {unknown}
 J - a potion of magic {unknown}
 M - a potion of heal wounds
 T - a potion of resistance {unknown}
Books
 a - a book of Misfortune

   Spells                             Type                      Level
   a - Confusing Touch                Hexes                        1
   b - Confuse                        Hexes                        3
   c - Gell's Gravitas                Translocation                3
   d - Petrify                        Transmutation/Earth          4
   e - Metabolic Englaciation         Hexes/Ice                    5
   f - Yara's Violent Unravelling     Hexes/Transmutation          5
 c - a book of Minor Magic

   Spells                             Type                      Level
   a - Magic Dart                     Conjuration                  1
   b - Blink                          Translocation                2
   c - Call Imp                       Summoning                    2
   d - Slow                           Hexes                        2
   e - Conjure Flame                  Conjuration/Fire             3
   f - Mephitic Cloud                 Conjuration/Poison/Air       3
 A - a book of Geomancy

   Spells                             Type                      Level
   a - Sandblast                      Earth                        1
   b - Passwall                       Transmutation/Earth          2
   c - Stone Arrow                    Conjuration/Earth            3
   d - Petrify                        Transmutation/Earth          4
   e - Lee's Rapid Deconstruction     Earth                        5
 L - a book of Clouds

   Spells                             Type                      Level
   a - Poisonous Vapours              Poison/Air                   2
   b - Mephitic Cloud                 Conjuration/Poison/Air       3
   c - Conjure Flame                  Conjuration/Fire             3
   d - Freezing Cloud                 Conjuration/Ice/Air          6
   e - Ring of Flames                 Charms/Fire                  7
Comestibles
 d - 10 bread rations
 j - 8 meat rations
 C - 3 chunks of flesh
 E - a royal jelly
 U - 2 fruits


   Skills:
 - Level 2.0 Short Blades
 - Level 4.0 Armour
 - Level 2.0 Dodging
 - Level 2.0 Stealth
 + Level 9.9 Spellcasting
 + Level 10.3 Conjurations
 - Level 6.2 Summonings
 - Level 1.0 Translocations
 - Level 6.2 Fire Magic
 + Level 2.5 Air Magic
 - Level 5.0 Earth Magic


You had 14 spell levels left.
You knew the following spells:

 Your Spells              Type           Power        Failure   Level  Hunger
a - Magic Dart            Conj           ####         1%          1    None
b - Call Imp              Summ           #####...     1%          2    None
c - Blink                 Tloc           N/A          9%          2    None
d - Conjure Flame         Conj/Fire      #####...     1%          3    None
e - Stone Arrow           Conj/Erth      #####.       1%          3    None
f - Lightning Bolt        Conj/Air       #####.....   4%          5    ####...


Dungeon Overview and Level Annotations

Branches:
Dungeon (10/15)            Temple (0/1) D:5            Lair (4/6) D:8
 Shoals (0/4) Lair:3        Snake (0/4) Lair:2
    Orc: D:9-12

Altars:
Fedhas
Gozag
Ru
Uskayaw
Vehumet
Xom
The Shining One

Shops:
D:9 *

Annotations:
D:10 Snorg


Message History

Your crimson imp closely misses the crimson imp.
Casting: Blink
Confirm with . or Enter, or press ? or * to list all spells.
You blink.
Found a scroll of enchant armour.
As you read the scroll of teleportation, it crumbles to dust.
You feel strangely unstable.
You are feeling hungry.
Casting: Blink
Confirm with . or Enter, or press ? or * to list all spells.
You blink.
Your crimson imp hits the crimson imp.
The crimson imp barely misses your crimson imp.
Casting: Blink
Confirm with . or Enter, or press ? or * to list all spells.
You miscast Blink.
Nothing appears to happen.
Snorg bites you!!
* * * LOW HITPOINT WARNING * * *
Snorg completely misses you. Snorg barely misses you.
Your crimson imp blinks!
The crimson imp blinks!
Snorg bites you!!
You die...

.#
#.##########.##.#
.#
#.......5..5.##.#
.#
###############.#
.# #.# ... .# #.#
... .# #§#... .#
##§#?# .#
#####....# .#
##...@5...# .#
##....T....# ##
##.......##.#
#/..........#
#.....5..####
#.#.....##
##########.##...##
.5.........###.#
##########.....#


You could see Snorg (berserk), a crimson imp and a friendly crimson imp.

Vanquished Creatures
  A hydra (Lair:2)
  2 two-headed ogres
  2 manticores
  A black mamba (Lair:2)
  3 spiny frogs
  A troll (D:9)
  A polar bear (Lair:2)
  4 hippogriffs
  A spriggan (D:8)
  A basilisk (Lair:1)
  8 yaks
  A warg (D:8)
  3 nagas (Lair:2)
  3 water moccasins
  2 porcupines (Lair:3)
  5 orc warriors
  2 phantoms
  A sky beast (D:6)
  An ogre (D:10)
  5 wolves (Lair:3)
  A centaur (D:6)
  4 crocodiles
  A bullfrog (Lair:1)
  A gnoll sergeant (D:8)
  Dowan (D:6)
  2 scorpions
  3 wights
  5 killer bees (D:7)
  A centaur zombie (D:7)
  A crimson imp (D:8)
  5 hounds
  A quasit (D:7)
  A jelly (D:7)
  6 orc priests
  5 orc wizards (D:8)
  4 worker ants
  An iguana (D:7)
  A hound zombie (D:7)
  A howler monkey zombie (D:8)
  4 adders
  A shadow imp (D:8)
  3 leopard geckos
  21 orcs
  5 goblins
  A hobgoblin (D:3)
  11 jackals
  A quokka (D:10)
  6 bats
  A frilled lizard (D:2)
  A giant cockroach zombie (D:5)
  3 goblin skeletons (D:8)
  A goblin zombie (D:8)
  2 hobgoblin zombies (D:8)
  A jackal skeleton (D:6)
  5 kobolds
  A kobold skeleton (D:8)
  2 leopard gecko zombies
  2 orc skeletons (D:8)
  An orc zombie (D:8)
  7 rats
173 creatures vanquished.

Vanquished Creatures (collateral kills)
  A two-headed ogre (D:9)
  Pikel (D:5)
  Prince Ribbit (D:6)
  A hippogriff (Lair:3)
  A yak (D:9)
  A warg (D:8)
  2 nagas (Lair:2)
  2 water moccasins
  Duvessa (D:6)
  2 porcupines (Lair:1)
  An orc warrior (D:8)
  A slave (D:6)
  An ice beast (D:6)
  2 sky beasts (D:9)
  A wolf (Lair:3)
  4 ogres
  A centaur (D:4)
  A crocodile (Lair:1)
  5 bullfrogs
  2 scorpions (D:6)
  A killer bee (D:7)
  A wight (D:8)
  4 howler monkeys
  4 crimson imps
  A bullfrog zombie (D:5)
  A centaur zombie (D:5)
  2 orc priests
  2 hounds
  2 jellies
  2 worker ants
  A centaur skeleton (D:3)
  A gnoll shaman (D:4)
  2 iguanas
  A hound skeleton (D:5)
  A worker ant zombie (D:5)
  11 gnolls
  4 adders
  A shadow imp (D:5)
  An ooze (D:4)
  An adder skeleton (D:6)
  6 worms
  2 dart slugs
  3 leopard geckos
  18 orcs
  5 giant cockroaches
  6 hobgoblins
  10 jackals
  4 kobolds
  4 quokkas
  3 frilled lizards
  4 goblins
  A leopard gecko skeleton (D:4)
  A quokka skeleton (D:8)
  3 rats
146 creatures vanquished.

Vanquished Creatures (others)
  Menkaure (D:6)
  An ogre (D:6)
  A worker ant (D:6)
  A gnoll (D:5)
  A shadow imp (D:6)
  9 orcs
  A quokka skeleton (D:6)
  2 fungi
17 creatures vanquished.

Grand Total: 336 creatures vanquished

Notes
Turn   | Place    | Note
-------+----------+-------------------------------------------
     0 | D:1      | KarmaPolice the Human Wizard began the quest for the Orb.
     0 | D:1      | Reached XP level 1. HP: 13/13 MP: 4/4
   273 | D:1      | Reached XP level 2. HP: 19/19 MP: 4/6
   280 | D:1      | Reached skill level 1 in Short Blades
   631 | D:1      | Learned a level 2 spell: Call Imp
   989 | D:1      | Reached XP level 3. HP: 24/24 MP: 4/7
  2065 | D:2      | Reached skill level 2 in Conjurations
  2255 | D:2      | Reached XP level 4. HP: 15/30 MP: 0/8
  2424 | D:2      | Learned a level 2 spell: Blink
  2428 | D:2      | Learned a level 3 spell: Conjure Flame
  2989 | D:2      | Found a blossoming altar of Fedhas.
  3865 | D:3      | Found an opulent altar of Gozag.
  3972 | D:3      | Reached XP level 5. HP: 35/35 MP: 5/10
  4375 | D:3      | Found a radiant altar of Vehumet.
  4502 | D:3      | Became a worshipper of Vehumet
  4960 | D:4      | Noticed a centaur
  4982 | D:4      | Killed a centaur
  4982 | D:4      | Reached skill level 1 in Armour
  4982 | D:4      | Reached XP level 6. HP: 22/41 MP: 0/11
  5488 | D:4      | Reached skill level 3 in Conjurations
  5751 | D:4      | Noticed an ogre
  6244 | D:4      | Killed an ogre
  6721 | D:5      | Entered Level 5 of the Dungeon
  6876 | D:5      | Reached * piety under Vehumet
  6876 | D:5      | Offered knowledge of Sting by Vehumet.
  6884 | D:5      | Learned a level 3 spell: Stone Arrow
  7227 | D:5      | Found a staircase to the Ecumenical Temple.
  7254 | D:5      | Noticed an ogre
  7271 | D:5      | Reached XP level 7. HP: 46/46 MP: 7/13
  7422 | D:5      | Found a shimmering altar of Xom.
  7449 | D:5      | Reached skill level 1 in Earth Magic
  8347 | D:6      | Reached skill level 4 in Conjurations
  8451 | D:6      | Noticed Pikel
  8613 | D:5      | Killed Pikel
  8613 | D:5      | Reached XP level 8. HP: 37/52 MP: 8/15
  8771 | D:6      | Killed Menkaure
  8838 | D:6      | Noticed Duvessa
  8838 | D:6      | Noticed Prince Ribbit
  8839 | D:6      | Noticed Dowan
  8863 | D:6      | Killed Prince Ribbit
  8863 | D:6      | Reached skill level 5 in Spellcasting
  8873 | D:6      | Killed Duvessa
  8964 | D:6      | Killed Dowan
  8964 | D:6      | Reached skill level 5 in Conjurations
  9097 | D:6      | Offered knowledge of Throw Flame by Vehumet.
  9236 | D:6      | Reached ** piety under Vehumet
  9321 | D:6      | Reached XP level 9. HP: 50/57 MP: 10/17
 10349 | D:7      | Reached skill level 6 in Conjurations
 11028 | D:7      | Offered knowledge of Ignite Poison by Vehumet.
 11336 | D:8      | Found a glowing golden altar of the Shining One.
 11347 | D:8      | Reached *** piety under Vehumet
 11388 | D:8      | Noticed a hippogriff
 11426 | D:8      | Killed a hippogriff
 11501 | D:8      | Found a staircase to the Lair.
 11558 | D:8      | Reached skill level 5 in Summonings
 11585 | D:8      | Offered knowledge of Sticky Flame by Vehumet.
 11666 | D:8      | Noticed a hand axe
 11666 | D:8      | Noticed a hand axe
 11666 | D:8      | Found a hide-covered altar of Uskayaw.
 11742 | D:8      | Reached skill level 7 in Conjurations
 11887 | D:8      | Found a sacrificial altar of Ru.
 11952 | D:8      | Reached XP level 10. HP: 53/63 MP: 20/20
 12431 | D:8      | Reached **** piety under Vehumet
 12617 | D:8      | Offered knowledge of Irradiate by Vehumet.
 13239 | D:9      | Reached skill level 1 in Fire Magic
 13302 | D:9      | Noticed a two-headed ogre
 13327 | D:9      | Killed a two-headed ogre
 13327 | D:9      | Reached skill level 8 in Conjurations
 13479 | Lair:1   | Entered Level 1 of the Lair of Beasts
 14506 | Lair:2   | Reached XP level 11. HP: 68/68 MP: 18/23
 14659 | Lair:2   | Reached skill level 9 in Conjurations
 14922 | Lair:2   | HP: 3/68 [poisoned by a black mamba]
 14927 | Lair:2   | HP: 1/68 [poisoned by a black mamba]
 14933 | Lair:2   | HP: 1/68 [poisoned by a black mamba]
 14940 | Lair:2   | HP: 2/68 [poisoned by a black mamba]
 15012 | Lair:2   | Noticed a six-headed hydra
 15022 | Lair:2   | Killed a six-headed hydra
 15143 | Lair:2   | Reached skill level 5 in Fire Magic
 15173 | Lair:2   | Found a staircase to the Snake Pit.
 16644 | Lair:3   | Found a staircase to the Shoals.
 16644 | Lair:3   | Noticed a manticore
 16651 | Lair:3   | Killed a manticore
 17913 | D:9      | Noticed a manticore
 17940 | D:8      | Reached skill level 10 in Conjurations
 18082 | D:9      | Found Biar's Assorted Antiques.
 18156 | D:9      | Reached ***** piety under Vehumet
 18455 | D:9      | Offered knowledge of Lightning Bolt by Vehumet.
 18463 | D:9      | Reached skill level 5 in Earth Magic
 18476 | D:9      | Learned a level 5 spell: Lightning Bolt
 18477 | D:9      | Noticed a two-headed ogre
 19061 | D:9      | Got a warped chain mail
 19135 | D:9      | Killed a two-headed ogre
 19135 | D:9      | Reached skill level 1 in Air Magic
 19135 | D:9      | Reached XP level 12. HP: 74/74 MP: 8/25
 19602 | D:10     | Entered Level 10 of the Dungeon
 19604 | D:10     | Got an iridescent flail
 19865 | D:10     | Noticed a two-headed ogre
 19887 | D:10     | Killed a two-headed ogre
 20092 | D:10     | Noticed Snorg
 20219 | D:10     | HP: 2/74 [Snorg (26)]
 20219 | D:10     | Demolished by Snorg

Vault maps used:
D:1:      elethiomel_arrival_maze, serial_bayou, serial_bayou_lake_a,
          serial_bayou_pond_d, serial_bayou_shore_a, serial_bayou_ford_a,
          minmay_misc_feat_more_columns
D:2:      fedhas_altar_4
D:3:      nicolae_overflow_crystal_walls, first_bread,
          nicolae_gozag_cash_rules_everything_around_me
D:4:      minmay_misc_feat_four_crosses, corexii_hall_statues_u
D:5:      xom_confusion_cloud, temple_pool_b
D:6:      uniq_pikel, uniq_duvessa, uniq_prince_ribbit1, uniq_menkaure
D:8:      dancing_weapons_uskayaw, nicolae_tso_besieged_by_evil,
          erik_lair_orcish_takeover, chequers_ossuary_entry_cave, the_bakery,
          nicolae_ru_path_of_blood
D:9:      serial_shops, shop, serial_park_tiny_1
D:10:     basic_altar, uniq_snorg
Lair:2:   minmay_snake_entry_guardpost_large, grunt_megastairs_5
Lair:3:   minmay_shoals_entry_beasts
Lair:4:   lemuel_fruit_tree, grunt_megastairs_1, uniq_harold

Skill      XL: |  1  2  3  4  5  6  7  8  9 10 11 12 |
---------------+-------------------------------------+-----
Short Blades   | 1 2 |  2.0
Conjurations   | 2 3 4 5 7 8 10 | 10.3
Summonings     | 2 3 5 6 |  6.2
Armour         | 1 3 4 |  4.0
Spellcasting   | 4 5 7 8 9 |  9.9
Earth Magic    | 2 3 4 5 |  5.0
Fire Magic     | 3 6 |  6.2
Air Magic      | 1 2 |  2.5
Dodging        | |  2.0
Stealth        | |  2.0
Translocations | |  1.0

Action                   |  1- 3 |  4- 6 |  7- 9 | 10-12 || total
-------------------------+-------+-------+-------+-------++-------
Melee: Unarmed           |   140 |   153 |     4 |       ||   297
       Whip              |       |       |   137 |       ||   137
       Rapier            |       |       |   147 |   206 ||   353
 Cast: Magic Dart        |    30 |    33 |     4 |     1 ||    68
       Call Imp          |    31 |   115 |   186 |   337 ||   669
       Conjure Flame     |       |     2 |     2 |     1 ||     5
       Blink             |       |       |     3 |    15 ||    18
       Stone Arrow       |       |       |     9 |   109 ||   118
       Lightning Bolt    |       |       |       |     1 ||     1
Evoke: Wand              |       |       |     4 |       ||     4
  Use: Scroll            |       |     1 |     9 |     5 ||    15
       Potion            |       |       |       |     1 ||     1
 Stab: Sleeping          |       |     1 |     2 |     2 ||     5
       Distracted        |       |     1 |     2 |     3 ||     6
  Eat: Chunk             |     6 |    17 |    14 |    21 ||    58
       Fruit             |       |     1 |       |       ||     1
       Royal jelly       |       |     1 |     1 |     2 ||     4
Armor: Robe              |    68 |    12 |       |       ||    80
       Leather armour    |       |    63 |   128 |    68 ||   259
Dodge: Dodged            |   131 |   140 |   245 |   186 ||   702
